 Dungeon Crawl Stone Soup version 0.19-a0-1697-g0595f0e (webtiles) character file.

1101 Ijustatesigmund the Magician (level 8, -5/44 HPs)
             Began as a Deep Elf Wizard on Sept 26, 2016.
             Was a Follower of Cheibriados.
             Slain by Edmund
             ... wielding a +4 flail of draining
              (10 damage)
             ... on level 6 of the Dungeon.
             The game lasted 00:18:15 (5426 turns).

Ijustatesigmund the Magician (Deep Elf Wizard)      Turns: 5426, Time: 00:18:16

Health: -5/44      AC:  5    Str:  6    XL:     8   Next: 10%
Magic:  3/18       EV: 13    Int: 28    God:    Cheibriados [*.....]
Gold:   277        SH:  0    Dex: 15    Spells: 5 memorised, 7 levels left

rFire  . . .     SeeInvis .     f - +0 rapier
rCold  . . .     Gourm    .     a - +1 robe
rNeg   . . .     Faith    .     (no shield)
rPois  .         Spirit   .     b - +0 hat
rElec  .         Dismiss  .     o - +0 cloak
rCorr  .         Reflect  .     (no gloves)
MR     .....     Harm     .     (no boots)
Stlth  +++.......               (no amulet)
                                (no ring)
                                m - ring of stealth (curse)

@: very slightly contaminated, heavily drained, very slow
A: no striking features
a: Bend Time, Renounce Religion


You were on level 6 of the Dungeon.
You worshipped Cheibriados.
Cheibriados was aware of your devotion.
You were not hungry.

You visited 1 branch of the dungeon, and saw 6 of its levels.

You collected 277 gold pieces.

Inventory:

Hand Weapons
 f - a +0 rapier (weapon)
Armour
 a - a +1 robe (worn)
 b - a +0 hat (worn)
 o - a +0 cloak (worn)
Jewellery
 m - a cursed ring of stealth (left hand)
Wands
 k - a wand of acid (8/15)
Scrolls
 e - 6 scrolls of remove curse
 i - a scroll of fear
 q - 3 scrolls of recharging
Potions
 g - 2 potions of invisibility
 h - a potion of lignification
 n - a potion of magic {unknown}
Books
 c - a book of Minor Magic

   Spells                             Type                      Level
   a - Magic Dart                     Conjuration                  1
   b - Blink                          Translocation                2
   c - Call Imp                       Summoning                    2
   d - Repel Missiles                 Charms/Air                   2
   e - Slow                           Hexes                        2
   f - Conjure Flame                  Conjuration/Fire             3
   g - Mephitic Cloud                 Conjuration/Poison/Air       3
Comestibles
 d - 4 bread rations
 j - 4 meat rations


   Skills:
 - Level 2.1(0.7) Fighting
 + Level 2.6(1.2) Short Blades
 - Level 4.3(2.8) Dodging
 - Level 2.4(1.0) Stealth
 + Level 5.9(4.3) Spellcasting
 - Level 5.0(3.4) Conjurations
   Level 1.1(0.0) Summonings
 - Level 3.0(1.6) Translocations
 - Level 1.8(0.4) Air Magic
 - Level 2.0(0.6) Poison Magic
 + Level 4.2(2.7) Invocations


You had 7 spell levels left.
You knew the following spells:

 Your Spells              Type           Power        Failure   Level  Hunger
a - Magic Dart            Conj           ####         1%          1    None
b - Blink                 Tloc           N/A          8%          2    None
c - Repel Missiles        Chrm/Air       #.....       12%         2    None
d - Mephitic Cloud        Conj/Pois/Air  ##......     12%         3    ##.....
e - Conjure Flame         Conj/Fire      ###.....     12%         3    ##.....


Dungeon Overview and Level Annotations

Branches:
Dungeon (6/15)
 Temple: D:4-7

Altars:
Cheibriados
Fedhas
Makhleb
Qazlal
Trog
Xom
Yredelemnul

Annotations:
D:6 Edmund


Message History

* * * LOW HITPOINT WARNING * * *
You feel drained.
Evoke which item? (* to show all) (? for menu, Esc to quit)
Zapping:
k - a wand of acid (10/15)
Press: ? - help, Shift-Dir - straight line, f/p - Edmund
Aim: Edmund, wielding a flail of draining and wearing a glowing chain mail (heavily wounded)
The bolt of acid hits Edmund.
Edmund is splashed with acid.
The acid corrodes Edmund!
Edmund is severely wounded.
This wand has 9 charges left.
Edmund misses you.
Evoke which item? (* to show all) (? for menu, Esc to quit)
Zapping:
k - a wand of acid (9/15)
Press: ? - help, Shift-Dir - straight line, f/p - Edmund
Aim: Edmund, wielding a flail of draining and wearing a glowing chain mail (severely wounded, covered in acid)
The bolt of acid hits Edmund.
Edmund is splashed with acid.
The acid corrodes Edmund!
Edmund is almost dead.
This wand has 8 charges left.
Edmund hits you with a flail of draining!
You die...

#+####..##.##..##..##
# #. #.. #.
#..###+###.# #. ...
.. #........... #..
.. ... #...........
#.. ... #.>.........
#.>. ######
#.###'###.##
#...##....###.###.##
#
'....#..).#...+....#
#....'@@..#(..#....#
########'###..##..##
..........#..##[.#
..........#......+
..........#......#
..........##'##..#
#######.......#..#
#.......#..#
#.......#..#


You could see Edmund.

Vanquished Creatures
  Eustachio (D:6)
  An ice beast (D:5)
  A centaur (D:6)
  The ghost of beholder the Charmwright, an amateur HESk (D:3)
  Blork the orc (D:6)
  A bullfrog (D:6)
  2 crimson imps
  Crazy Yiuf (D:3)
  A centaur skeleton (D:3)
  3 hounds
  3 orc wizards
  An iguana (D:6)
  2 worker ants
  A howler monkey zombie (D:6)
  A gnoll (D:5)
  5 adders
  A howler monkey skeleton (D:5)
  2 shadow imps (D:6)
  An ooze (D:3)
  A dart slug (D:1)
  2 leopard geckos
  9 orcs
  8 bats
  5 giant cockroaches
  11 goblins
  6 hobgoblins
  2 quokkas
  3 frilled lizards (D:1)
  6 kobolds
  12 rats
95 creatures vanquished.

Vanquished Creatures (collateral kills)
  A bullfrog (D:6)
1 creature vanquished.

Grand Total: 96 creatures vanquished

Notes
Turn   | Place    | Note
-------+----------+-------------------------------------------
     0 | D:1      | Ijustatesigmund the Deep Elf Wizard began the quest for the Orb.
     0 | D:1      | Reached XP level 1. HP: 10/10 MP: 7/7
   230 | D:1      | Reached XP level 2. HP: 15/15 MP: 6/9
   234 | D:1      | Learned a level 2 spell: Blink
   237 | D:1      | Learned a level 2 spell: Repel Missiles
   583 | D:1      | Reached XP level 3. HP: 19/19 MP: 1/10
  1268 | D:2      | Learned a level 3 spell: Mephitic Cloud
  1725 | D:3      | Reached XP level 4. HP: 24/24 MP: 10/12
  1866 | D:3      | Noticed beholder's ghost (amateur HESk)
  1878 | D:3      | Killed beholder's ghost
  1878 | D:3      | Reached skill level 5 in Conjurations
  1878 | D:3      | Reached XP level 5. HP: 24/28 MP: 8/13
  1939 | D:3      | Found a bloodstained altar of Trog.
  1949 | D:3      | Reached skill level 1 in Poison Magic
  2151 | D:3      | Reached skill level 1 in Air Magic
  2304 | D:3      | Found a runed door.
  2308 | D:3      | Noticed Crazy Yiuf
  2314 | D:3      | Killed Crazy Yiuf
  2314 | D:3      | Reached XP level 6. HP: 32/32 MP: 3/14
  2459 | D:4      | Found a blossoming altar of Fedhas.
  3202 | D:5      | Entered Level 5 of the Dungeon
  3259 | D:5      | Found a basalt altar of Yredelemnul.
  3284 | D:5      | Found a stormy altar of Qazlal.
  3309 | D:5      | Found a snail-covered altar of Cheibriados.
  3315 | D:5      | Became a worshipper of Cheibriados the Contemplative
  3560 | D:5      | Noticed an ice beast
  3566 | D:5      | Learned a level 3 spell: Conjure Flame
  3583 | D:5      | Killed an ice beast
  3583 | D:5      | Reached skill level 1 in Fighting
  3583 | D:5      | Reached skill level 1 in Invocations
  4345 | D:5      | Reached XP level 7. HP: 39/39 MP: 10/15
  4442 | D:6      | Noticed Eustachio
  4451 | D:6      | Killed Eustachio
  4526 | D:6      | Found a shimmering altar of Xom.
  4527 | D:6      | Found a burning altar of Makhleb.
  4573 | D:6      | Reached skill level 1 in Short Blades
  4979 | D:6      | Reached * piety under Cheibriados
  4979 | D:6      | Reached skill level 5 in Spellcasting
  5333 | D:6      | Reached XP level 8. HP: 44/44 MP: 11/18
  5402 | D:6      | Noticed Blork the orc
  5413 | D:6      | Noticed Edmund
  5416 | D:6      | Killed Blork the orc
  5426 | D:6      | Slain by Edmund

Vault maps used:
D:1:      onia_arrival_mini_maze, st_stairs_14
D:3:      bloody_trog, uniq_crazy_yiuf_cottage
D:4:      fedhas_altar_2, first_bread
D:5:      lemuel_round_altar, yredelemnul_altar_generic, lemuel_round_altar,
          cheibrodos_gnoll_hut
D:6:      grunt_temple_overflow_champion_of_chaos, vehumet_altar_wand_db,
          hangedman_abyss_or_decor_slice, uniq_pikel, uniq_blork_the_orc,
          uniq_edmund, uniq_eustachio, uniq_prince_ribbit1

Skill      XL: |  1  2  3  4  5  6  7 |
---------------+----------------------+-----
Conjurations   | 2 3 5 |  5.0
Dodging        | 3 4 |  4.3
Poison Magic   | 1 2 |  2.0
Air Magic      | 1 |  1.8
Fighting       | 1 2 |  2.1
Translocations | 2 3 |  3.0
Invocations    | 2 4 |  4.2
Short Blades   | 2 |  2.6
Spellcasting   | 5 |  5.9
Stealth        | |  2.4
Summonings     | |  1.1

Action                   |  1- 3 |  4- 6 |  7- 9 || total
-------------------------+-------+-------+-------++-------
Melee: Dagger            |     4 |       |       ||     4
       Rapier            |       |    18 |    58 ||    76
 Cast: Magic Dart        |   101 |    91 |    90 ||   282
       Repel Missiles    |     1 |       |     1 ||     2
       Mephitic Cloud    |       |     5 |     5 ||    10
       Blink             |       |     4 |       ||     4
       Conjure Flame     |       |     1 |     1 ||     2
Evoke: Wand              |       |     3 |     4 ||     7
  Use: Scroll            |     7 |     3 |     2 ||    12
       Potion            |       |     2 |       ||     2
 Stab: Invisible         |       |       |     2 ||     2
  Eat: Chunk             |     2 |     5 |       ||     7
       Meat ration       |       |     1 |       ||     1
       Pizza             |       |     1 |       ||     1
       Beef jerky        |       |     1 |       ||     1
Armor: Robe              |     3 |    11 |    19 ||    33
Dodge: Dodged            |    10 |    32 |    55 ||    97
       Deflected         |     2 |       |     1 ||     3
